 Dungeon Crawl Stone Soup version 0.19-a0-1861-g35def1e (webtiles) character file.

209 vev the Sneak (level 5, -3/36 HPs)
             Began as an Octopode Wanderer on Oct 12, 2016.
             Killed from afar by an orc wizard (9 damage)
             ... with a magic dart
             ... on level 4 of the Dungeon.
             The game lasted 00:07:07 (3479 turns).

vev the Sneak (Octopode Wanderer)                   Turns: 3479, Time: 00:07:08

Health: -3/36      AC:  1    Str:  8    XL:     5   Next: 87%
Magic:  6/6        EV: 14    Int: 20    God:
Gold:   82         SH:  0    Dex: 15    Spells: 1 memorised, 5 levels left

rFire  . . .     SeeInvis .     a - +2 short sword
rCold  . . .     Gourm    .     (no shield)
rNeg   . . .     Faith    .     (helmet restricted)
rPois  .         Spirit   .     (no amulet)
rElec  .         Dismiss  .     e - ring of stealth
rCorr  .         Reflect  .     o - +5 ring of intelligence
MR     .....     Harm     .     (no ring)
Stlth  +++.......               (no ring)
                                (no ring)
                                (no ring)
                                (no ring)
                                (no ring)

@: confused
A: almost no armour, stealthy swim, amphibious, 8 rings, constrict 8, camouflage
1, gelatinous body 1
a: no special abilities


You were on level 4 of the Dungeon.
You were hungry.

You visited 2 branches of the dungeon, and saw 5 of its levels.

You collected 82 gold pieces.

Inventory:

Hand Weapons
 a - a +2 short sword (weapon)
 d - a +0 dagger
Jewellery
 e - a ring of stealth (left tentacle)
 o - a +5 ring of intelligence (right tentacle)
 u - a +2 ring of strength {unknown}
 y - a +3 amulet of reflection {unknown}
Wands
 s - a wand of confusion (18/48)
 x - a wand of iceblast (7/15)
Scrolls
 i - a scroll of amnesia {unknown}
 j - 2 scrolls of teleportation {unknown}
 k - a scroll of noise {unknown}
 l - 3 scrolls of identify {unknown}
 m - a scroll of blinking {unknown}
 p - 3 scrolls of magic mapping {unknown}
 q - a scroll of recharging {unknown}
 t - a scroll of enchant weapon {unknown}
 v - a scroll of enchant armour {unknown}
Potions
 g - a potion of degeneration {unknown}
 h - a potion of heal wounds {unknown}
 n - 3 potions of lignification {unknown}
Books
 b - the Compendium of Dislocation

   Spells                             Type                      Level
   a - Apportation                    Translocation                1
   b - Gell's Gravitas                Hexes/Translocation          3
 c - the Disquisition on Stones

   Spells                             Type                      Level
   a - Sandblast                      Earth                        1
   b - Stone Arrow                    Conjuration/Earth            3
Comestibles
 f - 3 bread rations
 r - 3 fruits


   Skills:
 - Level 3.4 Fighting
 - Level 2.0 Short Blades
 - Level 2.4 Dodging
 - Level 4.6 Stealth
 + Level 2.4 Unarmed Combat
 - Level 1.0 Spellcasting
   Level 1.0 Hexes
   Level 1.0 Earth Magic
 - Level 1.1 Evocations


You had 5 spell levels left.
You knew the following spells:

 Your Spells              Type           Power        Failure   Level  Hunger
z - Apportation           Tloc           #.........   21%         1    ##.....


Dungeon Overview and Level Annotations

Branches:
Dungeon (4/15)             Temple (1/1) D:4

Altars:
Ashenzari
Dithmenos
Elyvilon
Fedhas
Hepliaklqana
Nemelex Xobeh
Sif Muna
Trog
Uskayaw
Xom
Zin
The Shining One

Annotations:
D:4 Amnesiac's ghost, weakling DEAs


Innate Abilities, Weirdness & Mutations

You cannot wear most types of armour.
You are very stealthy in the water. (Stealth+)
You are amphibious.
You can wear up to eight rings at the same time.
You can use your tentacles to constrict eight enemies at once.
Your skin changes colour to match your surroundings (Stealth+).
Your rubbery body absorbs attacks. (AC +1, EV +1)


Message History

The orc wizard points at you and mumbles some strange words.
The magic dart hits you! The orc wizard barely misses you.
Unknown command.
You're too confused to move!
You constrict the orc wizard.
The orc wizard points at you and mumbles some strange words.
The magic dart hits you!
* * * LOW HITPOINT WARNING * * *
The orc priest calls down the wrath of Beogh upon you.
You barely resist.
Unknown command.
Unknown command.
You hit the orc wizard.
The orc wizard is heavily wounded.
You constrict the orc wizard.
The orc wizard hits you but does no damage.
The orc priest hits you with a club.
* * * LOW HITPOINT WARNING * * *
The orc wizard casts a spell at you. The magic dart hits you!
You die...

#.....# #.# ..... #
#######.###.## ..... ##
.$.# #......#######.#.#
.#....#
#####............#
......# #.#...###...#
......# # #.#.#.....# #
.......... #.#.###...#
###........ ###...#
##..# ###.#....##Yo@###
#..# . #....oo## #..#
.###....#######..#
.......o........###.##
#.....................
..###..........#######
. .......#.......##
####..##.##..#..####
.######..##.........>.#


You could see an ice beast, an orc priest, 2 orc wizards and an orc.

Vanquished Creatures
  A bullfrog skeleton (D:4)
  3 gnolls (D:4)
  5 adders
  2 oozes
  3 worms
  2 dart slugs
  3 leopard geckos
  5 orcs (D:3)
  A ball python (D:3)
  7 giant cockroaches
  4 hobgoblins
  10 jackals
  7 bats
  6 frilled lizards
  8 goblins
  4 kobolds
  8 rats
79 creatures vanquished.

Notes
Turn   | Place    | Note
-------+----------+-------------------------------------------
     0 | D:1      | vev the Octopode Wanderer began the quest for the Orb.
     0 | D:1      | vev set off with: a +2 short sword, the Compendium of Dislocation, the Disquisition on Stones, a +0 dagger, a bread ration
     0 | D:1      | Reached XP level 1. HP: 14/14 MP: 2/2
   310 | D:1      | Reached skill level 3 in Stealth
   310 | D:1      | Reached XP level 2. HP: 20/20 MP: 3/3
   320 | D:1      | Identified the Compendium of Dislocation
   320 | D:1      | Identified the Disquisition on Stones
   322 | D:1      | Learned a level 1 spell: Apportation
   526 | D:1      | Reached skill level 1 in Dodging
   590 | D:1      | Reached XP level 3. HP: 17/25 MP: 4/4
  1175 | D:2      | Reached XP level 4. HP: 30/30 MP: 5/5
  1195 | D:2      | Reached skill level 3 in Fighting
  1425 | D:2      | Reached skill level 2 in Dodging
  1425 | D:2      | Reached skill level 4 in Stealth
  2250 | D:3      | Found a glowing golden altar of the Shining One.
  2397 | D:3      | Reached XP level 5. HP: 36/36 MP: 6/6
  2880 | D:3      | Found a blossoming altar of Fedhas.
  3044 | D:4      | Reached skill level 1 in Unarmed Combat
  3048 | D:4      | Found a staircase to the Ecumenical Temple.
  3089 | Temple   | Entered the Ecumenical Temple
  3337 | D:4      | Noticed an ice beast
  3381 | D:4      | Reached skill level 2 in Unarmed Combat
  3442 | D:4      | Noticed Amnesiac's ghost (weakling DEAs)
  3479 | D:4      | Killed from afar by an orc wizard

Vault maps used:
D:1:      denvon_arrival_waterhouse, minmay_liquid_box
D:3:      cheibrodos_helix_gallery, tso_oasis_becter, lemuel_doored_altar,
          first_bread
Temple:   jpeg_temple_alley_garden

Skill      XL: |  1  2  3  4  5 |
---------------+----------------+-----
Stealth        | 3 4 |  4.6
Dodging        | 1 2 |  2.4
Fighting       | 3 |  3.4
Unarmed Combat | 2 |  2.4
Short Blades   | |  2.0
Spellcasting   | |  1.0
Hexes          | |  1.0
Earth Magic    | |  1.0
Evocations     | |  1.1

Action                   |  1- 3 |  4- 6 || total
-------------------------+-------+-------++-------
Melee: Short sword       |    53 |   101 ||   154
       Constrict         |    10 |    20 ||    30
       Tentacles         |     4 |    10 ||    14
  Use: Potion            |       |     1 ||     1
 Stab: Sleeping          |    10 |    18 ||    28
       Distracted        |     1 |       ||     1
  Eat: Chunk             |     1 |     6 ||     7
Armor: Skin              |     5 |     5 ||    10
Dodge: Dodged            |    34 |    55 ||    89
